 Dungeon Crawl Stone Soup version 0.31-a0-640-g39d97e502b (console) character file.

Game seed: 13637188287914327915

1440 jejorda2 the Chopper (level 8, -3/100 HPs)
             Began as a Gnoll Berserker on Aug 28, 2023.
             Was a Believer of Trog.
             Slain by an ogre
             ... wielding a +0 giant spiked club
              (22 damage)
             ... on level 6 of the Dungeon.
             The game lasted 00:09:32 (4997 turns).

jejorda2 the Chopper (Gnoll Berserker)              Turns: 4997, Time: 00:09:35

Health: -3/100     AC: 13    Str: 20    XL:     8   Next: 74%
Magic:  13/13      EV:  7    Int:  8    God:    Trog [**....]
Gold:   291        SH:  0    Dex: 11    Spells: 14/14 levels left

rFire   + . .        a - +0 war axe
rCold   + . .        (no shield)
rNeg    . . .        o - +0 plate armour
rPois   .            (no helmet)
rElec   .            (no cloak)
rCorr   .            d - +0 pair of gloves "Apnunak" {rF+ rC+ Str+2}
SInv    .            (no boots)
Will    .....        (no amulet) Stlth
                     (no ring)
HPRegen 0.36/turn    (no ring)
MPRegen 0.13/turn

%: no passive effects
@: berserking, very quick
A: fangs 1, strong nose, distributed training
a: Renounce Religion, Berserk, Trog's Hand


You were on level 6 of the Dungeon.
You worshipped Trog.
Trog was pleased with you.
You visited 1 branch of the dungeon, and saw 6 of its levels.

You collected 291 gold pieces.

Inventory:

Hand Weapons
 a - a +0 war axe (weapon)
 b - a +0 hand axe of flaming
 g - the +3 mace of the Dowdy God {spect, rPois rC+ rN+ Int-4}
   (You found it on level 3 of the Dungeon)

   Int-4:     It affects your intelligence (-4).
   rC+:       It protects you from cold.
   rPois:     It protects you from poison rN+: It protects you from negative
   energy.
Armour
 d - the +0 pair of gloves "Apnunak" (worn) {rF+ rC+ Str+2}
   (You acquired it on level 5 of the Dungeon)

   Str+2:     It affects your strength (+2).
   rF+:       It protects you from fire.
   rC+:       It protects you from cold.
 o - a +0 plate armour (worn)
Wands
 c - a wand of charming (2)
 p - a wand of iceblast (7)
Scrolls
 e - a scroll of poison
 f - 3 scrolls of identify
Potions
 k - a potion of cancellation
 m - a potion of lignification


   Skills:
 + Level 7.5 Fighting
 + Level 3.6 Short Blades
 + Level 3.6 Long Blades
 + Level 7.5 Axes
 + Level 3.6 Maces & Flails
 + Level 3.6 Polearms
 + Level 3.6 Staves
 + Level 3.6 Ranged Weapons
 + Level 3.6 Throwing
 + Level 5.9 Armour
 + Level 5.9 Dodging
 + Level 3.6 Stealth
 + Level 3.6 Shields
 + Level 3.6 Unarmed Combat
 + Level 3.6 Spellcasting
 + Level 3.0 Conjurations
 + Level 3.0 Hexes
 + Level 3.0 Summonings
 + Level 3.0 Necromancy
 + Level 3.0 Translocations
 + Level 3.0 Transmutations
 + Level 3.0 Fire Magic
 + Level 3.0 Ice Magic
 + Level 3.0 Air Magic
 + Level 3.0 Earth Magic
 + Level 3.0 Poison Magic
 + Level 4.0 Invocations
 + Level 3.6 Evocations
 + Level 3.2 Shapeshifting


You had 14 spell levels left.
You didn't know any spells.
Your spell library was empty.

Dungeon Overview and Level Annotations

Branches:
Dungeon (6/15)
 Temple: D:4-7

Altars:
Hepliaklqana
Qazlal
Sif Muna


Innate Abilities, Weirdness & Mutations

You have very sharp teeth.
Your uncanny sense of smell can sniff out nearby items.
Your experience applies equally to all skills.


Message History

Unknown command.
You barely miss the ogre. You hit the bullfrog.
You kill the bullfrog!
Trog accepts your kill.
You barely miss the iguana. The ogre barely misses you. The iguana bites you!
Your Conjurations skill increases to level 3!
Your Hexes skill increases to level 3!
Your Summonings skill increases to level 3!
Your Necromancy skill increases to level 3!
Your Translocations skill increases to level 3!
Your Transmutations skill increases to level 3!
Your Fire Magic skill increases to level 3!
Your Ice Magic skill increases to level 3!
Your Air Magic skill increases to level 3!
Your Earth Magic skill increases to level 3!
Your Poison Magic skill increases to level 3!
Your Invocations skill increases to level 4!
Unknown command.
Unknown command.
You slash the ogre!
The ogre is heavily wounded.
You slash the iguana!
The iguana bites you but does no damage.
You hit the ogre.
The ogre is severely wounded.
You hit the iguana.
The ogre hits you with a +0 giant spiked club!
* * * LOW HITPOINT WARNING * * *
The iguana bites you!
* * * LOW HITPOINT WARNING * * *
You hit the ogre.
The ogre is almost dead.
You closely miss the iguana. You barely miss the ogre.
The ogre is almost dead.
You slash the iguana!
You kill the iguana!
Trog accepts your kill.
The ogre hits you with a +0 giant spiked club!!
You die...

##.............
#..............
#......(.)..... #
#..............
..##..............
#.)...............
#......O.......
#.#...@....#
#..######### ##.##
#..## ### ##..# #.#
##.## #####.##
#..#######......#
##.............##
#####
#################.##


You could see an ogre.

Vanquished Creatures
  Duvessa (D:4)
  A black bear (D:5)
  An ice beast (D:5)
  A sky beast (D:6)
  3 ogres
  A centaur (D:5)
  A bullfrog (D:6)
  3 scorpions
  Dowan (D:4)
  An orc priest (D:5)
  A sleepcap (D:5)
  Terence (D:3)
  Natasha (thrice) (D:1)
  4 iguanas
  3 gnolls (D:4)
  7 adders
  3 white imps (D:5)
  6 worms
  2 dart slugs
  8 orcs
  3 ball pythons
  3 endoplasms
  A giant cockroach (D:2)
  4 hobgoblins
  6 jackals
  8 kobolds
  A quokka (D:4)
  4 bats
  A frilled lizard (D:3)
  6 goblins
  4 rats
93 creatures vanquished.

Notes
Turn   | Place    | Note
-------+----------+-------------------------------------------
     0 | D:1      | jejorda2 the Gnoll Berserker began the quest for the Orb.
     0 | D:1      | Reached XP level 1. HP: 23/23 MP: 1/1
   161 | D:1      | Reached XP level 2. HP: 29/29 MP: 2/2
   746 | D:2      | Reached XP level 3. HP: 11/35 MP: 3/3
  1039 | D:2      | Reached skill level 1 in Invocations
  1052 | D:2      | Reached ** piety under Trog
  1075 | D:2      | Noticed Natasha
  1090 | D:1      | Killed Natasha
  1091 | D:1      | Reached skill level 1 in Short Blades
  1091 | D:1      | Reached skill level 1 in Long Blades
  1091 | D:1      | Reached skill level 1 in Maces & Flails
  1091 | D:1      | Reached skill level 1 in Polearms
  1091 | D:1      | Reached skill level 1 in Staves
  1091 | D:1      | Reached skill level 1 in Ranged Weapons
  1091 | D:1      | Reached skill level 1 in Throwing
  1091 | D:1      | Reached skill level 1 in Stealth
  1091 | D:1      | Reached skill level 1 in Shields
  1091 | D:1      | Reached skill level 1 in Unarmed Combat
  1091 | D:1      | Reached skill level 1 in Spellcasting
  1091 | D:1      | Reached skill level 1 in Evocations
  1091 | D:1      | Reached skill level 1 in Shapeshifting
  1091 | D:1      | Reached XP level 4. HP: 37/41 MP: 5/5
  1279 | D:1      | Noticed Natasha
  1282 | D:1      | Killed Natasha
  1283 | D:1      | Reached skill level 1 in Conjurations
  1283 | D:1      | Reached skill level 1 in Hexes
  1283 | D:1      | Reached skill level 1 in Summonings
  1283 | D:1      | Reached skill level 1 in Necromancy
  1283 | D:1      | Reached skill level 1 in Translocations
  1283 | D:1      | Reached skill level 1 in Transmutations
  1283 | D:1      | Reached skill level 1 in Fire Magic
  1283 | D:1      | Reached skill level 1 in Ice Magic
  1283 | D:1      | Reached skill level 1 in Air Magic
  1283 | D:1      | Reached skill level 1 in Earth Magic
  1283 | D:1      | Reached skill level 1 in Poison Magic
  1929 | D:1      | Noticed Natasha
  1942 | D:1      | Killed Natasha
  1943 | D:1      | Reached XP level 5. HP: 17/47 MP: 5/7
  2138 | D:2      | Found a stormy altar of Qazlal.
  2497 | D:3      | Noticed Terence
  2508 | D:3      | Killed Terence
  2675 | D:3      | Identified the +3 mace of the Dowdy God {spect, rPois rC+
                  | rN+ Int-4}
  3154 | D:4      | Reached XP level 6. HP: 53/53 MP: 8/8
  3163 | D:4      | Reached skill level 5 in Armour
  3163 | D:4      | Reached skill level 5 in Dodging
  3224 | D:4      | Noticed Duvessa
  3240 | D:4      | Killed Duvessa
  3241 | D:4      | Noticed Dowan
  3250 | D:4      | Killed Dowan
  3251 | D:4      | Reached XP level 7. HP: 60/60 MP: 10/10
  3675 | D:5      | Entered Level 5 of the Dungeon
  3738 | D:5      | Identified a scroll of acquirement
  3738 | D:5      | Acquired the +0 pair of gloves "Apnunak" {rF+ rC+ Str+2}
  4085 | D:5      | Reached XP level 8. HP: 58/67 MP: 12/12
  4238 | D:5      | Found a shimmering blue altar of Sif Muna.
  4238 | D:5      | Found a hazy altar of Hepliaklqana.
  4997 | D:6      | Slain by an ogre

Illustrated notes

Levels and vault maps discovered:
D:1:      lemuel_arrival_river_ford, layout_basic
D:2:      layout_rooms, basic_altar, uniq_natasha
D:3:      layout_loops_ring, uniq_terence
D:4:      layout_cave_pools, uniq_duvessa
D:5:      layout_basic, grunt_temple_overflow_open
D:6:      layout_cave_pods, minmay_temple_entry_butterflies,
          hangedman_decor_diamond_cutter

Skill      XL: |  1  2  3  4  5  6  7  8 |
---------------+-------------------------+-----
Invocations    | 1 2 3 4 |  4.0
Short Blades   | 1 2 3 |  3.6
Long Blades    | 1 2 3 |  3.6
Maces & Flails | 1 2 3 |  3.6
Polearms       | 1 2 3 |  3.6
Staves         | 1 2 3 |  3.6
Ranged Weapons | 1 2 3 |  3.6
Throwing       | 1 2 3 |  3.6
Stealth        | 1 2 3 |  3.6
Shields        | 1 2 3 |  3.6
Unarmed Combat | 1 2 3 |  3.6
Spellcasting   | 1 2 3 |  3.6
Evocations     | 1 2 3 |  3.6
Shapeshifting  | 1 2 3 |  3.2
Conjurations   | 1 2 3 |  3.0
Hexes          | 1 2 3 |  3.0
Summonings     | 1 2 3 |  3.0
Necromancy     | 1 2 3 |  3.0
Translocations | 1 2 3 |  3.0
Transmutations | 1 2 3 |  3.0
Fire Magic     | 1 2 3 |  3.0
Ice Magic      | 1 2 3 |  3.0
Air Magic      | 1 2 3 |  3.0
Earth Magic    | 1 2 3 |  3.0
Poison Magic   | 1 2 3 |  3.0
Armour         | 5 |  5.9
Dodging        | 5 |  5.9
Fighting       | 7 |  7.5
Axes           | 7 |  7.5

Action                     |  1- 3 |  4- 6 |  7- 9 || total
---------------------------+-------+-------+-------++-------
  Melee: Hand axe          |    96 |    90 |   110 ||   296
         Bite              |    12 |    12 |    16 ||    40
         Mace              |       |     9 |     8 ||    17
         Punch             |       |     2 |     8 ||    10
         War axe           |       |       |    42 ||    42
 Invoke: Berserk           |     2 |     3 |     5 ||    10
         Trog's Hand       |       |     1 |       ||     1
    Use: Scroll            |       |       |     9 ||     9
   Stab: Sleeping          |     1 |       |       ||     1
 Armour: Animal skin       |     9 |     4 |       ||    13
         Chain mail        |       |     8 |       ||     8
         Plate armour      |       |    23 |   112 ||   135
         Leather armour    |       |     3 |       ||     3
         Ring mail         |       |     1 |       ||     1
  Dodge: Dodged            |    62 |    54 |    46 ||   162

Table legend: (Time is in decaauts)
 A = Elapsed time spent in this place.
 B = Non-inter-level travel time spent in this place.
 C = Inter-level travel time spent in this place.
 D = Time resting spent in this place.
 E = Time spent auto-exploring this place.
 F = Levels seen in this place.
 G = Mean time per level.
                   A        B        C        D        E       F      G
               +--------+--------+--------+--------+--------+-----+--------+
         Total |   5102 |   4988 |    114 |    388 |   3808 |   6 |  850.3 |
       Dungeon |   5102 |   4988 |    114 |    388 |   3808 |   6 |  850.3 |
               +--------+--------+--------+--------+--------+-----+--------+

Top non-repeatable levels by time:
     D:1: 1658 daAuts
     D:5: 949 daAuts
     D:4: 811 daAuts
     D:2: 757 daAuts
     D:3: 693 daAuts
     D:6: 231 daAuts
